 Dungeon Crawl Stone Soup version 0.24-a0-451-g263dff2034 (webtiles) character file.

Game seed: 17103514073082258429

424 Inquire the Sneak (level 6, 0/36 HPs)
             Began as an Octopode Wizard on June 26, 2019.
             Was an Initiate of Vehumet.
             Slain by a hornet zombie (12 damage)
             ... on level 5 of the Dungeon.
             The game lasted 00:07:22 (3321 turns).

Inquire the Sneak (Octopode Wizard)                 Turns: 3321, Time: 00:07:23

Health: 0/36       AC:  1    Str:  6    XL:     6   Next: 96%
Magic:  12/12      EV: 13    Int: 21    God:    Vehumet [......]
Gold:   249        SH:  0    Dex: 10    Spells: 4/13 levels left

rFire    + . .     SeeInvis .   i - +2 dagger (speed)
rCold    x . .     Gourm    .   (no shield)
rNeg     . . .     Faith    .   a - +0 hat
rPois    .         Spirit   .   (no amulet)
rElec    .         Reflect  .   b - ring of fire
rCorr    .         Harm     .   (no ring)
MR       .....                  (no ring)
Stlth    ++++......             (no ring)
HPRegen  0.12/turn              (no ring)
MPRegen  0.13/turn              (no ring)
                                (no ring)
                                (no ring)

@: no status effects
A: almost no armour, stealthy swim, amphibious, 8 rings, constrict 8, camouflage
1, dopey 1, wild magic 1, gelatinous body 1
a: Renounce Religion


You were on level 5 of the Dungeon.
You worshipped Vehumet.
Vehumet was noncommittal.
You were not hungry.

You visited 2 branches of the dungeon, and saw 6 of its levels.

You collected 249 gold pieces.

Inventory:

Hand Weapons
 f - a cursed -1 quarterstaff
 i - a +2 dagger of speed (weapon)
Armour
 a - a +0 hat (worn)
Jewellery
 b - a ring of fire (left tentacle)
Wands
 e - a wand of random effects (24)
Scrolls
 h - a scroll of identify
Potions
 d - 2 potions of flight
 g - 2 potions of resistance
 l - a potion of agility {unknown}
Comestibles
 c - 5 rations


   Skills:
 - Level 2.0 Dodging
 * Level 5.9 Stealth
 * Level 4.4 Spellcasting
 * Level 3.7 Conjurations
 - Level 1.0 Summonings
 - Level 1.0 Translocations
 * Level 1.7 Fire Magic
 - Level 1.1 Air Magic


You had 4 spell levels left.
You knew the following spells:

 Your Spells              Type           Power        Failure   Level  Hunger
a - Magic Dart            Conj           ####         4%          1    None
b - Blink                 Tloc           N/A          17%         2    #......
c - Call Imp              Summ           ##......     17%         2    #......
d - Mephitic Cloud        Conj/Pois/Air  ##......     26%         3    ##.....
e - Flame Tongue          Conj/Fire      ####.        6%          1    None

Your spell library contained the following spells:

 Spells                   Type           Power        Failure   Level  Hunger
 Conjure Flame            Conj/Fire      ####....     16%         3    ##.....
 Slow                     Hex            #.......     24%         2    #......
 Cause Fear               Hex            #.........   82%         4    ####...
 Bolt of Fire             Conj/Fire      ####......   100%        6    #######
 Dragon Form              Tmut           #.........   100%        7    #######
 Dragon's Call            Summ           ##........   100%        9    #######


Dungeon Overview and Level Annotations

Branches:
Dungeon (5/15)             Temple (1/1) D:5

Altars:
Ashenzari
Cheibriados
Dithmenos
Elyvilon
Fedhas
Gozag
Hepliaklqana
Makhleb
Nemelex Xobeh
Sif Muna
Vehumet
Wu Jian
Xom
Yredelemnul
Zin
The Shining One

Annotations:
D:4 Robin


Innate Abilities, Weirdness & Mutations

You cannot wear most types of armour.
You are very stealthy in the water. (Stealth+)
You are amphibious.
You can wear up to eight rings at the same time.
You can use your tentacles to constrict eight enemies at once.
Your skin changes colour to match your surroundings (Stealth+).
Your rubbery body absorbs attacks. (AC +1, EV +1)
You are dopey. (Int -2)
Your spells are a little harder to cast, but a little more powerful.


Message History

A hornet zombie comes into view.
The phantom blinks!
The phantom disappears!
Evoke which item? (* to show all) (? for menu, Esc to quit)
Aiming: Random Effects
Press: ? - help, Shift-Dir - straight line, f - hornet zombie
Aim: a hornet zombie The hornet zombie seems to speed up.
The hornet zombie barely misses you.
Evoke which item? (* to show all) (? for menu, Esc to quit)
Aiming: Random Effects
Press: ? - help, Shift-Dir - straight line, f/p - hornet zombie
Aim: a hornet zombie (fast) Nothing appears to happen.
The hornet zombie closely misses you. The hornet zombie hits you!
Okay, then.
As you read the scroll labeled VEWIYG GORIB, it crumbles to dust.
It is a scroll of enchant weapon.
Your +1 dagger of speed glows red for a moment.
The hornet zombie hits you! x2
You die...

#########
#.......#
#@######
####Z##...#
#=......#.####
#.##.#.......#
#. #.#.##.##.#
Z. ..#.# #
##..###.# ##.
#.#### #
#....#


You could see a hornet zombie.

Vanquished Creatures
  Edmund (D:5)
  An ice beast (D:5)
  A scorpion (D:5)
  An iguana (D:4)
  3 adders
  A shadow imp (D:5)
  2 leopard geckos
  2 orcs
  2 giant cockroaches (D:1)
  15 goblins
  5 hobgoblins
  9 kobolds
  2 quokkas
  10 bats
  8 frilled lizards
  15 rats
78 creatures vanquished.

Vanquished Creatures (collateral kills)
  A scorpion (D:3)
  A worm (D:2)
2 creatures vanquished.

Grand Total: 80 creatures vanquished

Notes
Turn   | Place    | Note
-------+----------+-------------------------------------------
     0 | D:1      | Inquire the Octopode Wizard began the quest for the Orb.
     0 | D:1      | Reached XP level 1. HP: 11/11 MP: 4/4
    53 | D:1      | Reached skill level 3 in Stealth
    69 | D:1      | Reached XP level 2. HP: 12/17 MP: 4/6
   199 | D:1      | Learned a level 2 spell: Blink
   202 | D:1      | Learned a level 2 spell: Call Imp
   699 | D:1      | Reached XP level 3. HP: 17/21 MP: 7/7
  1075 | D:2      | Gained mutation: You are dopey. (Int -2) [potion of
                  | mutation]
  1075 | D:2      | Gained mutation: Your spells are a little harder to cast,
                  | but a little more powerful. [potion of mutation]
  1168 | D:2      | Learned a level 3 spell: Mephitic Cloud
  1379 | D:3      | Noticed a scorpion
  1390 | D:3      | Killed a scorpion
  1390 | D:3      | Reached skill level 4 in Stealth
  1390 | D:3      | Reached XP level 4. HP: 13/27 MP: 2/9
  1835 | D:3      | Learned a level 1 spell: Flame Tongue
  2104 | D:4      | Reached XP level 5. HP: 24/31 MP: 8/10
  2149 | D:4      | Noticed a phantom
  2635 | D:4      | Noticed Robin
  2640 | D:5      | Entered Level 5 of the Dungeon
  2658 | D:5      | Reached skill level 5 in Stealth
  2658 | D:5      | Reached skill level 1 in Air Magic
  2712 | D:5      | Found a staircase to the Ecumenical Temple.
  2752 | Temple   | Entered the Ecumenical Temple
  2944 | Temple   | Became a worshipper of Vehumet
  2958 | D:5      | Noticed Edmund
  2993 | D:5      | Found a faded altar of an unknown god.
  2993 | D:5      | Found a sparkling altar of Nemelex Xobeh.
  2993 | D:5      | Noticed a centaur
  3113 | D:5      | Noticed an ice beast
  3123 | D:5      | Killed an ice beast
  3123 | D:5      | Reached skill level 1 in Fire Magic
  3123 | D:5      | Reached XP level 6. HP: 21/36 MP: 6/12
  3230 | D:5      | Killed Edmund
  3311 | D:5      | Noticed a phantom
  3321 | D:5      | Slain by a hornet zombie

Levels and vault maps discovered:
D:1:      dpeg_arrival_pond, layout_basic
D:2:      wander_river, layout_loops_ring
D:3:      layout_basic
D:4:      layout_rooms, uniq_crazy_yiuf_cottage, uniq_menkaure, uniq_sigmund,
          uniq_robin
D:5:      layout_loops_cross, chequers_temple_overflow_minitemple,
          minmay_temple_entry_mini_moons, first_ration, lexackson_kobold_supper,
          uniq_edmund
Temple:   eino_wide_crystal_templ

Skill      XL: |  1  2  3  4  5 |
---------------+----------------+-----
Stealth        | 3 4 5 |  5.9
Conjurations   | 2 3 |  3.7
Spellcasting   | 4 |  4.4
Air Magic      | 1 |  1.1
Fire Magic     | 1 |  1.7
Dodging        | |  2.0
Summonings     | |  1.0
Translocations | |  1.0

Action                   |  1- 3 |  4- 6 || total
-------------------------+-------+-------++-------
Melee: Unarmed           |   105 |       ||   105
       Constrict         |    33 |    24 ||    57
       Tentacles         |    13 |    15 ||    28
       Dagger            |     7 |    79 ||    86
 Cast: Magic Dart        |    11 |    18 ||    29
       Call Imp          |     2 |     2 ||     4
       Mephitic Cloud    |     1 |     2 ||     3
       Flame Tongue      |       |    14 ||    14
       Blink             |       |     1 ||     1
Evoke: Wand              |       |     4 ||     4
  Use: Potion            |     6 |     7 ||    13
       Scroll            |     4 |     5 ||     9
 Stab: Sleeping          |     7 |     7 ||    14
       Confused          |       |     1 ||     1
       Invisible         |       |     1 ||     1
  Eat: Chunk             |     2 |     6 ||     8
Armor: Skin              |    18 |     5 ||    23
Dodge: Dodged            |    96 |    45 ||   141

Table legend:
 A = Non-vault XP
 B = Vault XP
 C = Vault XP percentage of total XP
 D = Non-vault monster count
 E = Vault monster count
 F = Vault count percentage of total count
                 A         B        C        D         E       F
            +---------+---------+-------+---------+---------+-------
      Total |     429 |     177 |  29.2 |      71 |       9 |  11.2
            +---------+---------+-------+---------+---------+-------
        D:1 |      35 |       0 |   0.0 |      23 |       0 |   0.0
        D:2 |      23 |       0 |   0.0 |      16 |       0 |   0.0
        D:3 |     101 |       0 |   0.0 |      23 |       0 |   0.0
        D:4 |      46 |       9 |  16.4 |       3 |       6 |  66.7
        D:5 |     224 |     168 |  42.9 |       6 |       3 |  33.3
            +---------+---------+-------+---------+---------+-------
